 Dungeon Crawl Stone Soup version 0.18-a0-1514-g6ed9364 (webtiles) character file.

116 GrosslyIncandescent the Insei (level 4, -3/35 HPs)
             Began as a Mummy Monk on Mar 6, 2016.
             Slain by a scorpion (7 damage)
             ... on level 4 of the Dungeon.
             The game lasted 00:05:46 (3839 turns).

GrosslyIncandescent the Insei (Mummy Monk)          Turns: 3839, Time: 00:05:47

Health: -3/35      AC:  3    Str: 14    XL:     4   Next: 69%
Magic:  4/4        EV: 10    Int:  9    God:
Gold:   171        SH:  0    Dex: 15    Spells: 0 memorised, 3 levels left

rFire  x . .     SeeInvis .       - Unarmed
rCold  + . .     Gourm    .     (no armour)
rNeg   + + +     Faith    .     (no shield)
rPois  ∞         Spirit   .     f - +0 hat
rElec  .         Dismiss  .     i - +2 cloak
rCorr  .         Reflect  .     (no gloves)
SustAt .         Harm     .     (no boots)
MR     .....                    (no amulet)
Stlth  ++........               b - -3 ring of evasion (curse)
                                c - ring of wizardry

@: not resistant to hostile enchantments, unstealthy
A: no food or potions, fire vulnerability, cold resistance 1, negative energy
resistance 3, torment resistance, unbreathing
a: no special abilities


You were on level 4 of the Dungeon.
You were not hungry.

You visited 1 branch of the dungeon, and saw 4 of its levels.

You collected 171 gold pieces.


Innate Abilities, Weirdness & Mutations

You do not eat or drink.
Your flesh is vulnerable to fire.
You are immune to poison.
Your flesh is cold resistant.
You are immune to negative energy.
You are immune to unholy pain and torment.
You can survive without breathing.


   Skills:
 + Level 3.2 Fighting
 - Level 2.4 Dodging
 - Level 1.5 Stealth
 - Level 5.0 Unarmed Combat


You had 3 spell levels left.
You didn't know any spells.

Inventory:

Armour
 f - a +0 hat (worn)
 i - a +2 cloak (worn)
 k - a +2 cloak (quivered)
Jewellery
 b - a cursed -3 ring of evasion (right hand)
 c - a ring of wizardry (left hand)
Scrolls
 a - a scroll of enchant weapon {unknown}
 d - a scroll of blinking
 e - 2 scrolls of immolation {!r}
 g - a scroll of fear
 j - a scroll of magic mapping

Dungeon Overview and Level Annotations

Branches:
Dungeon (4/15)
 Temple: D:4-7

Altars:
Nemelex Xobeh
Pakellas

Annotations:
D:2 34 exclusions, Sigmund
D:4 exclusion: ogre

▒.▒ ▒.▒.▒▒.▒ ▒.▒ ▒.▒
▒.▒.▒▒.▒ ▒.▒
▒▒.▒▒▒.▒.▒▒.▒ ▒.▒
▒▒▒▒▒...▒▒....▒.▒ ▒.▒
......▒.........▒ ▒.▒
.▒▒▒▒...▒....<..▒ ▒.▒
.▒▒ ▒▒.▒▒..▒.▒..▒ ▒)▒
..▒▒▒▒.▒▒..▒.▒.s▒▒▒▒.▒
........<.......M....▒
..▒▒▒▒▒▒▒.▒.▒▒.▒▒▒.▒▒▒
.▒▒ ▒.▒.▒▒.▒ ▒.▒ ▒▒
▒.▒.▒ .▒ ▒.▒ ..... .▒
▒.▒ ▒(▒.▒ ▒.▒▒▒▒▒▒▒
... ▒.......▒ .▒
▒▒▒▒▒▒▒.▒ ▒..▒


You could see a scorpion.


Message History

The scorpion is moderately wounded!
You pulverise the scorpion!
The scorpion is heavily wounded!
The scorpion barely misses you!
You squash the scorpion like an ant!
The scorpion is almost dead!
The scorpion stings you! * * * don't die
* * * You closely miss the scorpion!
The scorpion is almost dead!
The scorpion stings you but does no damage!
You pulverise the scorpion!
The scorpion is almost dead!
The scorpion stings you! * * * don't die
* * * You barely miss the scorpion!
The scorpion is almost dead!
The scorpion stings you! * * * don't die
* * * You closely miss the scorpion!
The scorpion is almost dead!
The scorpion barely misses you!
You squash the scorpion like an ant!
The scorpion is almost dead!
The scorpion stings you! * * * don't die
* * * You pound the scorpion but do no damage!
The scorpion is almost dead!
The scorpion stings you!!! rip

Action                   |  1- 3 |  4- 6 || total
-------------------------+-------+-------++-------
Melee: Unarmed           |   136 |    72 ||   208
  Use: Scroll            |       |     7 ||     7
 Stab: Sleeping          |     6 |     2 ||     8

Vault maps used:
D:1:      wheals_arrival_shading, kennysheep_nondescript, minmay_fountain_box,
          minmay_misc_feat_tiny
D:2:      grunt_pakellas_salt, nemelex_deck, uniq_sigmund
D:4:      first_bread, ashenzari_altar_1, uniq_crazy_yiuf_cottage

Notes
Turn   | Place    | Note
--------------------------------------------------------------
     0 | D:1      | GrosslyIncandescent the Mummy Monk began the quest for the Orb.
     0 | D:1      | Reached XP level 1. HP: 18/18 MP: 1/1
   677 | D:1      | Reached XP level 2. HP: 22/24 MP: 2/2
  1246 | D:2      | Found an oddly glowing altar of Pakellas.
  1340 | D:2      | Reached skill level 4 in Unarmed Combat
  1472 | D:2      | Noticed Sigmund
  1499 | D:2      | Reached XP level 3. HP: 25/29 MP: 3/3
  1658 | D:2      | Found a sparkling altar of Nemelex Xobeh.
  2746 | D:2      | Reached XP level 4. HP: 16/35 MP: 4/4
  3171 | D:3      | Reached skill level 5 in Unarmed Combat
  3332 | D:4      | HP: 1/35 [scorpion (5)]
  3805 | D:4      | Noticed an ogre
  3839 | D:4      | Slain by a scorpion

Vanquished Creatures
  2 adders
  4 gnolls
  4 worms
  2 dart slugs
  2 giant geckos
  2 giant cockroaches (D:2)
  8 goblins
  4 hobgoblins
  5 kobolds
  A quokka (D:4)
  5 bats
  3 giant newts (D:2)
  3 rats
45 creatures vanquished.
